 Dungeon Crawl Stone Soup version 0.29.1-1-gd02db6906a (webtiles) character file.

Game seed: 2219614341512932986

89 RogueRain17 the Slasher (level 4, -3/33 HPs)
             Began as a Demonspawn Gladiator on Sept 16, 2022.
             Was a Follower of Okawaru.
             Slain by a gnoll
             ... wielding a +0 flail
             ... led by a gnoll bouda
              (5 damage)
             ... on level 4 of the Dungeon.
             The game lasted 00:04:41 (2181 turns).

RogueRain17 the Slasher (Demonspawn Gladiator)      Turns: 2181, Time: 00:04:41

Health: -3/33      AC:  6    Str: 16    XL:     4   Next: 31%
Magic:  0/4        EV: 12    Int: 10    God:    Okawaru [*.....]
Gold:   111        SH:  0    Dex: 14    Spells: 3/3 levels left

rFire   . . .      SeeInvis .   a - +0 long sword
rCold   . . .      Faith    .   (no shield)
rNeg    . . .      Spirit   +   b - +0 leather armour
rPois   .          Reflect  .   c - +0 helmet
rElec   .          Harm     .   (no cloak)
rCorr   .          Rampage  .   (no gloves)
Will    .....                   (no boots)
Stlth   +.........              (no amulet)
HPRegen 0.11/turn               (no ring)
MPRegen 0.18/turn               (no ring)

@: weakened
A: slimy green scales 1, magic shield, magic regeneration
a: Renounce Religion, Heroism


You were on level 4 of the Dungeon.
You worshipped Okawaru.
Okawaru was aware of your devotion.
You visited 1 branch of the dungeon, and saw 3 of its levels.

You collected 111 gold pieces.

Inventory:

Hand Weapons
 a - a +0 long sword (weapon)
Missiles
 d - 3 throwing nets
 e - a javelin (quivered)
Armour
 b - a +0 leather armour (worn)
 c - a +0 helmet (worn)
Wands
 r - a wand of polymorph (8)
Scrolls
 f - 2 scrolls of enchant weapon
 h - a scroll of silence
 i - 2 scrolls of teleportation
 n - a scroll of fear {unknown}
 p - a scroll of magic mapping {unknown}
 s - a scroll of noise {unknown}
Potions
 g - 2 potions of lignification {unknown}
 j - a potion of flight {unknown}
 l - a potion of ambrosia {unknown}
 m - a potion of brilliance {unknown}
 o - 2 potions of curing {unknown}
 q - a potion of haste {unknown}


   Skills:
 - Level 2.0 Fighting
 * Level 4.3 Long Blades
 + Level 1.9 Throwing
 + Level 0.6 Armour
 + Level 3.0 Dodging


You had 3 spell levels left.
You didn't know any spells.
Your spell library contained the following spells:

 Spells                   Type           Power      Damage    Failure   Level
 Magic Dart               Conj           0%         1d3       43%         1
 Mephitic Cloud           Conj/Pois/Air  0%         N/A       80%         3
 Portal Projectile        Hex/Tloc       0%         N/A       80%         3
 Blade Hands              Tmut           0%         N/A       100%        5
 Call Imp                 Summ           Unusable   N/A       N/A         2
 Tukima's Dance           Hex            Unusable   N/A       N/A         3

Dungeon Overview and Level Annotations

Branches:
Dungeon (2/15)             Temple (0/1) D:4

Altars:
Okawaru

Shops:
D:2 :


Innate Abilities, Weirdness & Mutations

You are partially covered in slimy green scales. (AC +2)
When hurt, damage is shared between your health and your magic reserves.
You regenerate magic rapidly.


Message History

The gnoll bouda is heavily wounded.
A gnoll comes into view. It is wielding a +0 flail.
You slash the gnoll bouda!
The gnoll bouda is almost dead.
You feel like a meek peon again. The gnoll bouda barely misses you.
You hit the gnoll bouda.
The gnoll bouda is almost dead.
The gnoll bouda hits you with a +0 whip.
* * * LOW HITPOINT WARNING * * *
The gnoll hits you with a +0 flail.
* * * LOW HITPOINT WARNING * * *
The gnoll bouda barely misses you.
You completely miss the gnoll bouda.
The gnoll bouda is almost dead.
The gnoll barely misses you.
The gnoll bouda gazes fiercely through you!
You feel as though you will be weak longer.
The gnoll bouda hits you with a +0 whip.
* * * LOW HITPOINT WARNING * * *
You closely miss the gnoll bouda.
The gnoll bouda is almost dead.
You hear the slow rusting of a very distant drain.
The gnoll hits you but does no damage.
The gnoll bouda mumbles some strange prayers to its god.
The gnoll bouda is healed somewhat.
A gnoll comes into view. It is wielding a +0 spear.
You hit the gnoll bouda but do no damage.
The gnoll bouda is severely wounded.
The gnoll misses you. The gnoll hits you but does no damage.
The gnoll bouda barks out a call to the hunt!
The gnoll picks up the pace!
You completely miss the gnoll bouda.
The gnoll bouda is severely wounded.
The gnoll barely misses you. x2; The gnoll bouda barely misses you.
Unknown command.
You barely miss the gnoll bouda.
The gnoll bouda is severely wounded.
The gnoll hits you with a +0 flail.
You die... gg...

........# #....
#....#...
.....##.......#
............. ....
.........#. ....
#......... #....
#.!....# #....
####g...#.... #.....
#.@g..#...8.>
#.....##.)g....#....
^.).....)#..##...#.8
.<#....##...###....
#...###...# #.# #.##
#..## .. ... #..#
.... #.## .. >.


You could see a gnoll bouda and 2 gnolls.

Vanquished Creatures
  A gnoll (D:4)
  2 adders
  6 dart slugs
  4 endoplasms (D:1)
  A giant cockroach (D:1)
  9 goblins
  3 hobgoblins (D:1)
  2 jackals (D:1)
  5 kobolds
  A quokka (D:1)
  2 bats
  3 frilled lizards
  10 rats
49 creatures vanquished.

Notes
Turn   | Place    | Note
-------+----------+-------------------------------------------
     0 | D:1      | RogueRain17 the Demonspawn Gladiator began the quest for
                  | the Orb.
     0 | D:1      | Reached XP level 1. HP: 16/16 MP: 1/1
   265 | D:1      | Reached skill level 3 in Long Blades
   331 | D:1      | Gained mutation: You regenerate magic rapidly. [demonic
                  | ancestry]
   331 | D:1      | Reached XP level 2. HP: 20/22 MP: 2/2
   725 | D:1      | Found a faded altar of an unknown god.
   861 | D:1      | Prayed at the altar of an unknown god.
   861 | D:1      | Became a worshipper of Warmaster Okawaru
   861 | D:1      | Reached * piety under Okawaru
   940 | D:1      | Gained mutation: You are partially covered in slimy green
                  | scales. (AC +2) [demonic ancestry]
   940 | D:1      | Reached XP level 3. HP: 27/27 MP: 3/3
  1324 | D:2      | Found Dici's Book Shop.
  1576 | D:2      | Reached skill level 4 in Long Blades
  1961 | D:2      | Gained mutation: When hurt, damage is shared between your
                  | health and your magic reserves. [demonic ancestry]
  1961 | D:2      | Reached XP level 4. HP: 33/33 MP: 4/4
  2129 | D:2      | You fall into a shaft and drop 2 floors!
  2155 | D:4      | Found a staircase to the Ecumenical Temple.
  2181 | D:4      | Slain by a gnoll

Illustrated notes

Levels and vault maps discovered:
D:1:      psy_arrival_terrarium, layout_loops_ring,
          dreamdust_ecumenical_altar_statues, minivault_26
D:2:      layout_basic, serial_shops, nicolae_shop_advertising_works
          [nicolae_subvault_shop_adworks], basic_altar, minmay_misc_feat_pillars
D:4:      layout_cave_pools, lemuel_tele_altar, minmay_temple_entry_sparse_star,
          gup_sewer_entry_bowl

Skill      XL: |  1  2  3 |
---------------+----------+-----
Long Blades    | 3 4 |  4.3
Dodging        | 3 |  3.0
Fighting       | |  2.0
Throwing       | |  1.9
Armour         | |  0.6

Action                   |  1- 3 |  4- 6 || total
-------------------------+-------+-------++-------
Melee: Long sword        |   123 |    27 ||   150
       Punch             |     1 |       ||     1
Invok: Heroism           |       |     1 ||     1
  Use: Scroll            |       |     3 ||     3
 Stab: Distracted        |       |     1 ||     1
Armor: Leather armour    |    31 |     5 ||    36
Dodge: Dodged            |    69 |    17 ||    86
